 Dungeon Crawl Stone Soup version 0.29-a0-653-gd47aff6735 (webtiles) character file.

Game seed: 8736993608414347829

53 happo123 the Gusty (level 3, -8/20 HPs)
             Began as a Tengu Air Elementalist on June 22, 2022.
             Mangled by Crazy Yiuf
             ... wielding a +2 quarterstaff of chaos
              (14 damage)
             ... on level 2 of the Dungeon.
             The game lasted 00:10:45 (1167 turns).

happo123 the Gusty (Tengu Air Elementalist)         Turns: 1167, Time: 00:10:48

Health: -8/20      AC:  6    Str:  8    XL:     3   Next: 87%
Magic:  3/7        EV: 12    Int: 17    God:
Gold:   92         SH:  0    Dex: 14    Spells: 0/6 levels left

rFire   . . .      SeeInvis .   s - staff of conjuration
rCold   . . .      Faith    .   (no shield)
rNeg    . . .      Spirit   .   a - +0 robe
rPois   .          Reflect  .   (helmet restricted)
rElec   .          Harm     .   (no cloak)
rCorr   +          Rampage  .   (no gloves)
Will    .....                   (boots unavailable)
Stlth   ++........              (no amulet)
HPRegen 0.06/turn               m - +4 ring of protection
MPRegen 0.10/turn               h - ring of resist corrosion

@: no status effects
A: beak, talons 3
a: no special abilities


You were on level 2 of the Dungeon.
You visited 1 branch of the dungeon, and saw 2 of its levels.

You collected 92 gold pieces.

Inventory:

Hand Weapons
 j - a +0 dagger
 l - a +2 whip of freezing
Armour
 a - a +0 robe (worn)
Magical Staves
 s - a staff of conjuration (weapon)
Jewellery
 h - a ring of resist corrosion (right hand)
 m - a +4 ring of protection (left hand)
Scrolls
 d - 2 scrolls of magic mapping {unknown}
 f - a scroll of torment {unknown}
 o - a scroll of poison {unknown}
 p - a scroll of acquirement {unknown}
 q - a scroll of identify {unknown}
 r - a scroll of fog {unknown}
Potions
 b - a potion of magic
 c - 2 potions of heal wounds {unknown}
 e - a potion of flight {unknown}
 g - a potion of berserk rage {unknown}
 i - 2 potions of might {unknown}
 k - a potion of haste {unknown}
 n - 2 potions of curing {unknown}


   Skills:
 + Level 0.7 Fighting
 + Level 2.4 Dodging
 + Level 2.2 Stealth
 + Level 2.2 Spellcasting
 * Level 2.7 Conjurations
 * Level 4.7 Air Magic


You couldn't memorise any spells.
You knew the following spells:

 Your Spells              Type           Power      Damage    Failure   Level
a - Shock                 Conj/Air       88%        1d8       4%          1
b - Static Discharge      Conj/Air       22%        N/A       6%          2
c - Swiftness             Air            18%        N/A       9%          3

Your spell library contained the following spells:

 Spells                   Type           Power      Damage    Failure   Level
 Poisonous Vapours        Pois/Air       20%        N/A       11%         2
 Airstrike                Air            9%         N/A       26%         4
 Scorch                   Fire           2%         2d5       28%         2
 Corpse Rot               Necr/Pois/Air  7%         N/A       69%         4
 Flame Wave               Conj/Fire      10%        2d5       71%         4
 Summon Cactus Giant      Summ           0%         N/A       100%        6


Dungeon Overview and Level Annotations

Branches:
Dungeon (2/15)

Altars:

Annotations:
D:2 Crazy Yiuf


Innate Abilities, Weirdness & Mutations

You have a beak for a mouth.
You have claws for feet.


Message History

You kill the frilled lizard!
You see here a frilled lizard corpse.
A rat comes into view.
The rat barely misses you.
You closely miss the rat. You claw the rat.
You kill the rat!
A kobold comes into view. It is wielding a +0 short sword.
j - a +0 dagger (weapon)
The helpless kobold fails to defend itself.
You hit the kobold.
You kill the kobold!
You see here a +0 short sword.
s - a staff of conjuration (weapon)
Found a mace.
Found a runed translucent door.
Crazy Yiuf shouts!
Crazy Yiuf glowers.
You open the door.
Casting: Static Discharge (safe; 6% risk of failure)
Confirm with . or Enter, or press ? or * to list all spells.
You feel a surge of power!
Crazy Yiuf is struck by an arc of lightning.
Crazy Yiuf is lightly wounded.
The lightning grounds out.
Crazy Yiuf closely misses you.
Casting: Static Discharge (safe; 6% risk of failure)
Confirm with . or Enter, or press ? or * to list all spells.
You feel a surge of power!
Crazy Yiuf is struck by an arc of lightning!
Crazy Yiuf is heavily wounded.
You are struck by an arc of lightning.
Crazy Yiuf is struck by an arc of lightning.
Crazy Yiuf is almost dead.
The lightning grounds out.
Crazy Yiuf hits you with a +2 quarterstaff of chaos!
You hit Crazy Yiuf.
Crazy Yiuf is almost dead.
Crazy Yiuf hits you with a +2 quarterstaff of chaos.
* * * LOW HITPOINT WARNING * * *
You are electrocuted!
Ouch! That really hurt!
You die...

#....##.....##
####.#.8...8.##
#..........#
#####
#.....⌠....#
#)..#
#..........#
#...#
#.#.8...8.##
... #.##.....##
#g# #.###...##
#@## #..###'##
##.# #..# #†#
#.## #..# #.#
##.# #### #.#
##.## ######.#
##...# #......#
#....# #.######
#....# #.#
#....###)#


You could see Crazy Yiuf.

Vanquished Creatures
  An adder (D:2)
  A dart slug (D:1)
  2 ball pythons (D:2)
  4 bats (D:1)
  4 endoplasms
  2 giant cockroaches
  3 hobgoblins (D:1)
  4 jackals (D:1)
  4 frilled lizards
  5 goblins
  5 kobolds
  4 rats
39 creatures vanquished.

Notes
Turn   | Place    | Note
-------+----------+-------------------------------------------
     0 | D:1      | happo123 the Tengu Air Elementalist began the quest for the
                  | Orb.
     0 | D:1      | Reached XP level 1. HP: 10/10 MP: 4/4
   226 | D:1      | Reached XP level 2. HP: 14/15 MP: 4/6
   235 | D:1      | Learned a level 2 spell: Static Discharge
   498 | D:1      | Reached XP level 3. HP: 11/20 MP: 3/7
   694 | D:1      | Learned a level 3 spell: Swiftness
   779 | D:2      | Found a faded altar of an unknown god.
  1160 | D:2      | Found a runed translucent door.
  1161 | D:2      | Noticed Crazy Yiuf
  1167 | D:2      | Mangled by Crazy Yiuf

Illustrated notes

Levels and vault maps discovered:
D:1:      pf_arrival_petrified_forest, layout_basic, minmay_octomino_e4
D:2:      layout_basic, shapermc_ecumenical_altar_venn,
          hangedman_feature_mirror, wad_floor_pattern_untrapped,
          nicolae_concentric_dashed_squares_mild, uniq_crazy_yiuf_cottage

Skill      XL: |  1  2 |
---------------+-------+-----
Conjurations   | 2 |  2.7
Fighting       | |  0.7
Dodging        | |  2.4
Stealth        | |  2.2
Spellcasting   | |  2.2
Air Magic      | |  4.7

Action                   || total
-------------------------++-------
Melee: Peck              ||     3
       Unarmed           ||     2
       Staff             ||    10
       Whip              ||     8
       Kick              ||     6
       Dagger            ||     5
 Cast: Shock             ||    32
       Static Discharge  ||     8
 Stab: Sleeping          ||     4
Armor: Robe              ||    11
Dodge: Dodged            ||    22

Table legend: (Time is in decaauts)
 A = Elapsed time spent in this place.
 B = Non-inter-level travel time spent in this place.
 C = Inter-level travel time spent in this place.
 D = Time resting spent in this place.
 E = Time spent auto-exploring this place.
 F = Levels seen in this place.
 G = Mean time per level.
                   A        B        C        D        E       F      G
               +--------+--------+--------+--------+--------+-----+--------+
         Total |   1165 |    726 |    439 |      0 |    364 |   2 |  582.5 |
       Dungeon |   1165 |    726 |    439 |      0 |    364 |   2 |  582.5 |
               +--------+--------+--------+--------+--------+-----+--------+

Top non-repeatable levels by time:
     D:1: 694 daAuts
     D:2: 471 daAuts
